 Dungeon Sprint DCSS version 0.17-a0-1582-ge6b0260 (webtiles) character file.

1365 Jb9000 the Blocker (level 8, -17/54 HPs)
             Began as a Gargoyle Fighter on July 27, 2015.
             Was a High Priest of Qazlal.
             Demolished by a freezing wraith (19 damage)
             ... in the Dungeon (Sprint VII: "The Pits").
             The game lasted 00:07:05 (684 turns).

Jb9000 the Blocker (Gargoyle Fighter)                Turns: 684, Time: 00:07:05

Health: -17/54     AC: 23    Str: 19    XL:     8   Next: 65%
Magic:  11/16      EV:  9    Int: 10    God:    Qazlal [*****.]
Gold:   0          SH: 19    Dex: 11    Spells: 0 memorised, 18 levels left

rFire  . . .     SeeInvis .     w - +2 hand axe (chop)
rCold  . . .     Clarity  .     b - +3 chain mail
rNeg   + . .     SustAt   .     c - +0 shield
rPois  ∞         Gourm    .     (no helmet)
rElec  +         Spirit   .     u - +0 cloak
rCorr  .         Warding  .     (no gloves)
rMut   .         NoTele   +     (no boots)
MR     .....                    (no amulet)
Stlth  ..........               (no ring)
                                (no ring)

@: protected from physical damage, very slightly contaminated, hasted, repel
missiles, very quick, not resistant to hostile enchantments, extremely
unstealthy
A: negative energy resistance 1, electricity resistance, unbreathing,
petrification resistance, rot immunity, AC +5
a: Upheaval, Elemental Force, Disaster Area, Renounce Religion


You were in the Dungeon.
You worshipped Qazlal.
Qazlal was extremely pleased with you.
You were not hungry.

You visited 1 branch

Inventory:

Hand weapons
 a - a +4 quarterstaff of chaos
 t - a +2 mace of protection
 v - a +1 long sword of flaming
 w - a +2 hand axe of chopping (weapon)
Missiles
 d - 2 tomahawks (quivered)
Armour
 b - a +3 chain mail (worn)
 c - a +0 shield (worn)
 u - a +0 cloak (worn)
Scrolls
 k - a scroll of blinking
 p - 3 scrolls of remove curse
 q - 5 scrolls of amnesia
 r - a scroll of summoning
Potions
 f - 2 potions of curing
 g - 2 potions of heal wounds
 i - 4 potions of magic
 j - 3 potions of berserk rage
 o - 2 potions of invisibility
Comestibles
 e - 8 bread rations
 l - 3 chunks of flesh
 m - 36 fruits
 n - 7 meat rations


   Skills:
 + Level 7.8 Fighting
 * Level 6.4(6.5) Axes
 + Level 1.4(4.6) Maces & Flails
 + Level 7.9 Armour
 * Level 7.6 Dodging
 * Level 10.6 Shields
 + Level 5.7 Spellcasting
 * Level 2.6 Invocations


You had 18 spell levels left.
You didn't know any spells.

Dungeon Overview and Level Annotations

Branches:
Dungeon (1/1)

Altars:
Ashenzari
Cheibriados
Dithmenos
Elyvilon
Fedhas
Gozag
Kikubaaqudgha
Makhleb
Nemelex Xobeh
Okawaru
Qazlal
Ru
Sif Muna
Trog
Vehumet
Xom
Yredelemnul
Zin
The Shining One
Beogh
Jiyva
Lugonu

Annotations:
D Grinder


Innate Abilities, Weirdness & Mutations

You are resistant to torment.
Your stone body is resilient (AC +5).
You are immune to poison.
You resist negative energy.
You are resistant to electric shocks.
You can survive without breathing.
You are immune to petrification.
You are immune to rotting.


Message History

Grinder gestures at you. Pain shoots through your body!
* * * LOW HITPOINT WARNING * * *
Drink which item? (? for menu, Esc to quit)
You feel yourself speed up. You block the freezing wraith's attack.
You block the freezing wraith's attack. Grinder barely misses you.
Your earth elemental closely misses the freezing wraith.
You are very lightly contaminated with residual magic.
Drink which item? (? for menu, Esc to quit)
You feel better. The freezing wraith barely misses you.
You block the freezing wraith's attack. Grinder gestures at you.
Pain shoots through your body!
* * * LOW HITPOINT WARNING * * *
You closely miss Grinder. You barely miss the freezing wraith.
The freezing wraith is lightly damaged.
The freezing wraith hits you!
* * * LOW HITPOINT WARNING * * *
The freezing wraith freezes you!!
You die...

#.#........##.......#
#.#........##.......#
#'###########.......#
#)).....#..##########
#.......#.######
#...#...#.#....#
#..###..#)#§...#
#...#..§#.WE...+
#.......#@#§...#
#.......5.#.E..#
################


You could see a freezing wraith, Grinder and a friendly earth elemental.

Vanquished Creatures
  A vampire mosquito (D)
  3 wolves (D)
  An orc warrior (D)
  A phantom (D)
  A necrophage (D)
  2 ogres (D)
  A centaur (D)
  2 brain worms (D)
  3 orc priests (D)
  Crazy Yiuf (D)
  2 worker ants (D)
  2 white imps (D)
  2 giant eyeballs (D)
  A giant gecko (D)
  5 orcs (D)
  A ball python (D)
  6 jackals (D)
35 creatures vanquished.

Notes
Turn   | Place    | Note
--------------------------------------------------------------
     0 | D        | Jb9000 the Gargoyle Fighter began the quest for the Orb.
     0 | D        | Reached XP level 1. HP: 14/14 MP: 1/1
    17 | D        | Reached skill level 1 in Dodging
    40 | D        | Found a sacrificial altar of Ru.
    40 | D        | Found a shadowy altar of Dithmenos.
    40 | D        | Found a bloodstained altar of Trog.
    40 | D        | Found a deep blue altar of Sif Muna.
    40 | D        | Found a shimmering altar of Xom.
    40 | D        | Found a sparkling altar of Nemelex Xobeh.
    40 | D        | Found a corrupted altar of Lugonu.
    40 | D        | Found a viscous altar of Jiyva.
    41 | D        | Found a basalt altar of Yredelemnul.
    41 | D        | Found a glowing golden altar of the Shining One.
    41 | D        | Found a shattered altar of Ashenzari.
    41 | D        | Found a white marble altar of Elyvilon.
    41 | D        | Found a snail-covered altar of Cheibriados.
    41 | D        | Found a blossoming altar of Fedhas.
    41 | D        | Found a radiant altar of Vehumet.
    41 | D        | Found a burning altar of Makhleb.
    41 | D        | Found an ancient bone altar of Kikubaaqudgha.
    41 | D        | Found a glowing silver altar of Zin.
    41 | D        | Found a roughly hewn altar of Beogh.
    41 | D        | Found an iron altar of Okawaru.
    46 | D        | Found a stormy altar of Qazlal.
    46 | D        | Found an opulent altar of Gozag.
    50 | D        | Became a worshipper of Qazlal Stormbringer
    91 | D        | Paralysed by a giant eyeball for 3 turns
    96 | D        | Reached skill level 4 in Shields
    96 | D        | Reached skill level 1 in Spellcasting
    96 | D        | Reached XP level 2. HP: 19/19 MP: 3/3
   107 | D        | Acquired Qazlal's first power
   162 | D        | Noticed a brain worm
   170 | D        | Killed a brain worm
   170 | D        | Reached skill level 5 in Shields
   170 | D        | Reached XP level 3. HP: 22/24 MP: 3/6
   170 | D        | Reached XP level 4. HP: 27/30 MP: 3/7
   218 | D        | Noticed a brain worm
   218 | D        | Noticed Crazy Yiuf
   222 | D        | Paralysed by a giant eyeball for 2 turns
   233 | D        | Killed a brain worm
   233 | D        | Acquired Qazlal's second power
   233 | D        | Reached skill level 5 in Fighting
   233 | D        | Reached skill level 5 in Armour
   233 | D        | Reached skill level 6 in Shields
   233 | D        | Reached XP level 5. HP: 33/35 MP: 7/9
   236 | D        | Paralysed by a giant eyeball for 4 turns
   251 | D        | Killed Crazy Yiuf
   345 | D        | Noticed an orc priest
   345 | D        | Noticed an orc priest
   346 | D        | Noticed an orc priest
   346 | D        | Noticed an orc warrior
   346 | D        | Noticed a worker ant
   346 | D        | Noticed an ogre
   346 | D        | Noticed a phantom
   350 | D        | Noticed a necrophage
   369 | D        | Killed an orc warrior
   369 | D        | Reached skill level 5 in Dodging
   369 | D        | Reached skill level 7 in Shields
   369 | D        | Reached XP level 6. HP: 19/41 MP: 3/11
   370 | D        | Acquired Qazlal's third power
   371 | D        | Killed an orc priest
   372 | D        | Killed an orc priest
   372 | D        | Reached skill level 8 in Shields
   376 | D        | Killed an orc priest
   377 | D        | Killed a worker ant
   377 | D        | Acquired Qazlal's fourth power
   381 | D        | Killed an ogre
   381 | D        | Reached skill level 5 in Axes
   381 | D        | Reached XP level 7. HP: 27/47 MP: 0/13
   384 | D        | Killed a necrophage
   384 | D        | Acquired Qazlal's fifth power
   384 | D        | Reached skill level 9 in Shields
   398 | D        | Killed a phantom
   481 | D        | Reached skill level 5 in Spellcasting
   485 | D        | Noticed a vampire mosquito
   494 | D        | Killed a vampire mosquito
   497 | D        | Noticed a centaur
   497 | D        | Noticed an ogre
   497 | D        | Noticed a worker ant
   505 | D        | Killed a worker ant
   515 | D        | Killed an ogre
   515 | D        | Reached skill level 10 in Shields
   515 | D        | Reached XP level 8. HP: 38/53 MP: 14/16
   523 | D        | Killed a centaur
   661 | D        | Noticed Grinder
   661 | D        | Noticed a freezing wraith
   661 | D        | Noticed a wolf
   661 | D        | Noticed a wolf
   661 | D        | Noticed a wolf
   666 | D        | Killed a wolf
   666 | D        | Reached skill level 1 in Invocations
   674 | D        | Killed a wolf
   674 | D        | Reached skill level 1 in Maces & Flails
   678 | D        | Killed a wolf
   684 | D        | HP: 2/54 [freezing wraith (9)]
   684 | D        | Demolished by a freezing wraith

Vault maps used:
D:        pitsprint

Action                   |  1- 3 |  4- 6 |  7- 9 || total
-------------------------+-------+-------+-------++-------
Melee: War axe           |     9 |       |       ||     9
       Mace              |    21 |    21 |    45 ||    87
       Hand axe          |       |    23 |    25 ||    48
Invok: Upheaval          |       |     3 |       ||     3
       Elemental Force   |       |       |     1 ||     1
  Use: Potion            |       |     6 |     4 ||    10
  Eat: Fruit             |       |       |     4 ||     4
